 Dungeon Crawl Stone Soup version bcrawl-1.23.3 (webtiles) character file.

Game seed: 1185372315255857271

34 Freyura the Twirler (level 3, -1/28 HPs)
             Began as a Demonspawn Gladiator on June 1, 2020.
             Slain by a worm (3 damage)
             ... on level 1 of the Dungeon.
             The game lasted 00:01:47 (366 turns).

Freyura the Twirler (Demonspawn Gladiator)           Turns: 366, Time: 00:01:48

Health: -1/28      AC:  3    Str: 15    XL:     3   Next: 14%
Magic:  3/3        EV: 13    Int:  9    God:
Gold:   46         SH:  0    Dex: 19    Spells: 2/2 levels left

rFire    . . .     SeeInvis .   a - +0 quarterstaff
rCold    . . .     Gourm    .   (shield currently unavailable)
rNeg     . . .     Faith    .   b - +0 leather armour
rPois    .         Spirit   .   (helmet restricted)
rElec    .         Reflect  .   (no cloak)
rCorr    .         Harm     .   (no gloves)
MR       .....                  (no boots)
Stlth    +.........             (no amulet)
HPRegen  0.09/turn              h - +5 ring of dexterity
MPRegen  0.08/turn              (no ring)

@: no status effects
A: claws 1, horns 1
a: no special abilities


You were on level 1 of the Dungeon.
You were not hungry.

You visited 1 branch of the dungeon, and saw 1 of its levels.

You collected 46 gold pieces.

Inventory:

Hand Weapons
 a - a +0 quarterstaff (weapon)
Missiles
 d - 3 throwing nets (quivered) {!f}
Armour
 b - a +0 leather armour (worn)
Jewellery
 h - a +5 ring of dexterity (left claw)
Scrolls
 c - a scroll of identify {unknown}
 f - a scroll of enchant weapon {unknown}
 k - a scroll of remove curse {unknown}
Potions
 g - a potion of curing {unknown}
 j - a potion of ambrosia {unknown}
Comestibles
 e - a ration {!d}
 i - 7 chunks of flesh


   Skills:
 + Level 2.3 Fighting
 * Level 3.2 Staves
 - Level 1.7 Throwing
 + Level 0.9 Armour
 + Level 3.0 Dodging


You had 2 spell levels left.
You didn't know any spells.
Your spell library was empty.

Dungeon Overview and Level Annotations

Branches:
Dungeon (1/12)

Altars:


Innate Abilities, Weirdness & Mutations

You have sharp fingernails.
You have a pair of small horns on your head.


Message History

The leopard gecko barely misses you. The leopard gecko barely misses you.
The worm barely misses you.
Things that are here:
a frilled lizard corpse x2
The leopard gecko bites you.
You hit the leopard gecko.
You kill the leopard gecko!
You hit the worm.
The worm is moderately wounded.
The worm misses you.
You hit the worm.
The worm is heavily wounded.
The worm bites you!
* * * LOW HITPOINT WARNING * * *
You hit the worm but do no damage. You headbutt the worm.
The worm is severely wounded.
You barely miss the worm. You headbutt the worm.
The worm is almost dead.
The worm bites you.
You die...

#......)..........#.###..##.##
.....##......####.........†..#
.#....####...# ###.####.##..####
^#...........## #.# #.##......
..............#####.####...#.....
.##........#.........(...........
.#..#.....†††.........#.#....†[..
....#....##.)..####.#........)...
?##.....?#####.w@## ###..........
. ##..ll># ###.# ............
##...r#######..# .....##......
#...l..l...##?....... #......
#........$.# ..%..... .......
#...........# ..$... ##......
..............# .#.... .....
............$.# ##....
................


You could see a worm.

Vanquished Creatures
  An ooze (D:1)
  3 leopard geckos (D:1)
  A ball python (D:1)
  4 goblins (D:1)
  2 hobgoblins (D:1)
  3 bats (D:1)
  7 frilled lizards (D:1)
  2 kobolds (D:1)
  7 rats (D:1)
30 creatures vanquished.

Notes
Turn   | Place    | Note
-------+----------+-------------------------------------------
     0 | D:1      | Freyura the Demonspawn Gladiator began the quest for the
                  | Orb.
     0 | D:1      | Reached XP level 1. HP: 16/16 MP: 1/1
    79 | D:1      | Gained mutation: You have a pair of small horns on your
                  | head. [demonic ancestry]
    79 | D:1      | Reached XP level 2. HP: 18/22 MP: 2/2
   345 | D:1      | Gained mutation: You have sharp fingernails. [demonic
                  | ancestry]
   345 | D:1      | Reached XP level 3. HP: 22/28 MP: 3/3
   366 | D:1      | Slain by a worm

Skill      XL: |  1  2  3 |
---------------+----------+-----
Staves         | 3 |  3.2
Dodging        | 3 |  3.0
Fighting       | |  2.3
Throwing       | |  1.7
Armour         | |  0.9

Action                   || total
-------------------------++-------
Melee: Quarterstaff      ||    71
       Headbutt          ||     8
Armor: Leather armour    ||    23
Dodge: Dodged            ||    94
